 Dungeon Crawl Stone Soup version 0.20.1-1-g8b1a95d (webtiles) character file.

156 vishdafish the Covered (level 5, -2/33 HPs)
             Began as a Gargoyle Fighter on July 14, 2017.
             Killed by divine providence
             ... invoked by an orc priest
              (13 damage)
             ... on level 3 of the Dungeon.
             The game lasted 00:03:23 (2161 turns).

vishdafish the Covered (Gargoyle Fighter)           Turns: 2161, Time: 00:03:24

Health: -2/33      AC: 11    Str: 21    XL:     5   Next: 37%
Magic:  5/5        EV:  7    Int:  8    God:
Gold:   161        SH:  9    Dex: 11    Spells: 4/4 levels left

rFire    . . .     SeeInvis .   a - +0 trident
rCold    . . .     Gourm    .   c - +0 shield
rNeg     + . .     Faith    .   b - +0 scale mail
rPois    ∞         Spirit   .   (no helmet)
rElec    +         Reflect  .   (no cloak)
rCorr    .         Harm     .   (no gloves)
MR       .....                  (no boots)
Stlth    ..........             (no amulet)
Regen    0.2/turn               i - +2 ring of dexterity
MPRegen  0.1/turn               (no ring)

@: no status effects
A: negative energy resistance 1, electricity resistance, unbreathing,
petrification resistance, rot immunity, AC +4
a: no special abilities


You were on level 3 of the Dungeon.
You were hungry.

You visited 1 branch of the dungeon, and saw 3 of its levels.

You collected 161 gold pieces.

Inventory:

Hand Weapons
 a - a +0 trident (weapon)
Armour
 b - a +0 scale mail (worn)
 c - a +0 shield (worn)
Jewellery
 i - a +2 ring of dexterity (left hand)
Scrolls
 g - 2 scrolls of teleportation {unknown}
 h - 2 scrolls of magic mapping {unknown}
 k - 2 scrolls of noise {unknown}
 l - 4 scrolls of identify {unknown}
 m - 2 scrolls of blinking {unknown}
 p - a scroll of random uselessness {unknown}
 v - a scroll of remove curse {unknown}
Potions
 d - a potion of flight {unknown}
 e - 3 potions of heal wounds {unknown}
 j - 2 potions of agility {unknown}
 n - 2 potions of haste {unknown}
 r - a potion of brilliance {unknown}
 t - a potion of cancellation {unknown}
Comestibles
 f - a bread ration
 o - 2 fruits
 q - 6 royal jellies
 s - 3 meat rations


   Skills:
 + Level 4.0 Fighting
 * Level 3.3 Polearms
 + Level 4.4 Armour
 + Level 3.9 Shields


You had 4 spell levels left.
You didn't know any spells.

Dungeon Overview and Level Annotations

Branches:
Dungeon (3/15)

Altars:
Ashenzari


Innate Abilities, Weirdness & Mutations

You are resistant to torment.
Your stone body is resilient. (AC +4)
You are immune to poison.
You resist negative energy. (rN+)
You are resistant to electric shocks. (rElec)
You can survive without breathing.
You are immune to petrification.
You are immune to rotting.


Message History

You are too injured to fight recklessly!
You are too injured to fight recklessly!
You are too injured to fight recklessly!
You are too injured to fight recklessly!
You are too injured to fight recklessly!
You are too injured to fight recklessly!
You are too injured to fight recklessly!
You are too injured to fight recklessly!
You are too injured to fight recklessly!
You are too injured to fight recklessly!
You are too injured to fight recklessly!
You are too injured to fight recklessly!
You are too injured to fight recklessly!
You are too injured to fight recklessly!
You are too injured to fight recklessly!
The orc priest begins to cast a cantrip, but forgets the words!
The orc hits you but does no damage.
The orc priest invokes the aid of Beogh against you.
Beogh smites you!
You die...

.....###.........##
..................#
....†##.........#.######
.....###.....####......#
.....# ##......##......#
....### #.#............#
......# #<####.........#
#####.###.# #####......#
#####..##.###...@......#
..............###......#
######....##### #o.....#
###..# #.o....# #..#
#......# #..# ##o#####
#### #.# ... .....


You could see an orc priest and 2 orcs.

Vanquished Creatures
  3 adders
  4 gnolls (D:2)
  An ooze (D:1)
  4 worms
  2 dart slugs
  A leopard gecko (D:2)
  8 bats
  3 giant cockroaches
  8 goblins
  6 hobgoblins
  12 jackals
  2 quokkas
  A frilled lizard (D:3)
  3 kobolds
  8 rats
66 creatures vanquished.

Notes
Turn   | Place    | Note
-------+----------+-------------------------------------------
     0 | D:1      | vishdafish the Gargoyle Fighter began the quest for the Orb.
     0 | D:1      | Reached XP level 1. HP: 14/14 MP: 1/1
   189 | D:1      | Reached XP level 2. HP: 19/19 MP: 2/2
   220 | D:1      | Found a shattered altar of Ashenzari.
   608 | D:2      | Reached XP level 3. HP: 21/23 MP: 3/3
   818 | D:2      | Reached XP level 4. HP: 29/29 MP: 4/4
  1538 | D:2      | Reached XP level 5. HP: 33/33 MP: 5/5
  2161 | D:3      | Killed from afar by an orc priest

Skill      XL: |  1  2  3  4  5 |
---------------+----------------+-----
Polearms       | 2 3 |  3.3
Armour         | 4 |  4.4
Fighting       | 4 |  4.0
Shields        | |  3.9

Action                   |  1- 3 |  4- 6 || total
-------------------------+-------+-------++-------
Melee: Trident           |   110 |   189 ||   299
  Use: Potion            |       |     1 ||     1
  Eat: Chunk             |       |     4 ||     4
Armor: Scale mail        |    38 |   164 ||   202
Dodge: Dodged            |    26 |    75 ||   101
Block: Shield            |    50 |   131 ||   181
